 Dungeon Sprint DCSS version 0.19-a0-1553-g64c24c3 (webtiles) character file.

58 poirepourri the Covert (level 3, -15/16 HPs)
             Began as a Spriggan Enchanter on Sept 14, 2016.
             Splashed by an oklob sapling's acid (18 damage)
             ... in the Dungeon (Sprint IV: "Fedhas' Mad Dash").
             The game lasted 00:00:25 (45 turns).

poirepourri the Covert (Spriggan Enchanter)           Turns: 45, Time: 00:00:26

Health: -15/16     AC: -1    Str:  4    XL:     3   Next: 75%
Magic:  8/8        EV: 21    Int: 16    God:
Gold:   71         SH:  0    Dex: 17    Spells: 2 memorised, 4 levels left

rFire  . . .     SeeInvis +     a - +1 dagger
rCold  . . .     Gourm    .     b - +1 robe
rNeg   . . .     Faith    .     (shield restricted)
rPois  .         Spirit   .     (helmet restricted)
rElec  .         Dismiss  .     (no cloak)
rCorr  .         Reflect  .     (gloves unavailable)
MR     .....     Harm     .     (boots unavailable)
Stlth  ++++++.... NoTele   +    k - amulet of invisibility {+Inv}
                                (no ring)
                                (no ring)

@: corroded, very quick
A: unfitting armour, see invisible, herbivore 3, speed 3, slow metabolism 2
a: Evoke Invisibility


You were in the Dungeon.
You were not hungry.

You visited 1 branch You collected 71 gold pieces.

Inventory:

Hand Weapons
 a - a +1 dagger (weapon)
Armour
 b - a +1 robe (worn)
Jewellery
 k - the amulet of invisibility (around neck) {+Inv}
   (You found it in the Dungeon)

   [amulet of nothing]

   It lets you turn invisible.
Scrolls
 j - a scroll of blinking
Potions
 e - a potion of curing
 f - a potion of heal wounds
 g - a potion of haste
 h - 2 potions of magic
 i - a potion of berserk rage
Books
 c - a book of Maledictions

   Spells                             Type                      Level
   a - Corona                         Hexes                        1
   b - Ensorcelled Hibernation        Hexes/Ice                    2
   c - Confuse                        Hexes                        3
   d - Tukima's Dance                 Hexes                        3
   e - Dazzling Spray                 Conjuration/Hexes            3
Comestibles
 d - a bread ration


   Skills:
 + Level 1.4 Short Blades
 + Level 5.3 Dodging
 + Level 11.1 Stealth
 - Level 2.6 Spellcasting
 - Level 3.6 Hexes


You had 4 spell levels left.
You knew the following spells:

 Your Spells              Type           Power        Failure   Level  Hunger
a - Corona                Hex            ##.....      6%          1    #......
b - Ensorcelled Hibernat  Hex/Ice        #.....       17%         2    ##.....


Dungeon Overview and Level Annotations

Branches:
Dungeon (1/1)

Altars:

Annotations:
D exclusion: oklob sapling


Innate Abilities, Weirdness & Mutations

You are tiny and cannot use many weapons and most armour.
You have supernaturally acute eyesight. (SInv)
You are a herbivore.
You cover ground extremely quickly.
You need consume almost no food.


Message History

You now have 11 gold pieces.
You now have 26 gold pieces (gained 15).
You now have 37 gold pieces (gained 11).
You now have 55 gold pieces (gained 18).
You now have 67 gold pieces (gained 12).
You now have 71 gold pieces (gained 4).
k - the amulet of invisibility (around neck) {+Inv} You open the door.
Marking area around the oklob sapling as unsafe for travelling.
An oklob sapling comes into view.
Found 17 gold pieces.
There is an open door here.
There is an open door here.
The oklob sapling spits acid at you. The splash of acid hits you!
Ouch! That really hurt!
* * * LOW HITPOINT WARNING * * *
The acid corrodes you!
The acid burns!
Ouch! That really hurt!
You die...

##################
#<..P#....†#.....#
#PP..'.)...'.#...+
#PPPP#...†.#.#..@#
###############'##
+...# #$P$# #####


You could see an oklob sapling.

Vanquished Creatures
  An oklob sapling (D)
  A worker ant (D)
  A river rat (D)
  A rat (D)
4 creatures vanquished.

Notes
Turn   | Place    | Note
-------+----------+-------------------------------------------
     0 | D        | poirepourri the Spriggan Enchanter began the quest for the Orb.
     0 | D        | Reached XP level 1. HP: 9/9 MP: 5/5
     8 | D        | Reached skill level 7 in Stealth
     8 | D        | Reached XP level 2. HP: 13/13 MP: 6/6
    14 | D        | Learned a level 2 spell: Ensorcelled Hibernation
    15 | D        | Noticed an oklob sapling
    17 | D        | Killed an oklob sapling
    17 | D        | Reached skill level 9 in Stealth
    17 | D        | Reached XP level 3. HP: 16/16 MP: 8/8
    22 | D        | Reached skill level 5 in Dodging
    22 | D        | Reached skill level 11 in Stealth
    41 | D        | Noticed an oklob sapling
    45 | D        | Splashed by an oklob sapling's acid

Vault maps used:
D:        dungeon_sprint_fedhas

Skill      XL: |  1  2  3 |
---------------+----------+-----
Stealth        | 7 9 11 | 11.1
Dodging        | 4 5 |  5.3
Short Blades   | |  1.4
Spellcasting   | |  2.6
Hexes          | |  3.6

Action                   || total
-------------------------++-------
Melee: Dagger            ||     4
 Stab: Sleeping          ||     4
